 Dungeon Crawl Stone Soup version 0.30-a0-292-g0f741e3f8e (webtiles) character file.

Game seed: 5044234216498532994

49 Hubjo the Ducker (level 3, -1/27 HPs)
             Began as a Demonspawn Wanderer on Oct 18, 2022.
             Slain by a gnoll
             ... wielding a +0 flail
              (6 damage)
             ... on level 2 of the Dungeon.
             The game lasted 00:01:54 (1148 turns).

Hubjo the Ducker (Demonspawn Wanderer)              Turns: 1148, Time: 00:01:54

Health: -1/27      AC:  5    Str: 10    XL:     3   Next: 53%
Magic:  4/4        EV: 13    Int: 11    God:
Gold:   68         SH:  0    Dex: 18    Spells: 4/4 levels left

rFire   . . .      SeeInvis .      - Unarmed
rCold   . . .      Faith    .    (no shield)
rNeg    . . .      Spirit   .    b - +2 leather armour
rPois   .          Reflect  .    (no helmet)
rElec   .          Harm     .    (no cloak)
rCorr   .          Rampage  .    (no gloves)
Will    .....                    (no boots)
Stlth   ++........               (no amulet)
HPRegen 0.24/turn                (no ring)
MPRegen 0.09/turn                (no ring)

@: brilliant
A: claws 1, weakness stinger 1
a: no special abilities


You were on level 2 of the Dungeon.
You visited 1 branch of the dungeon, and saw 2 of its levels.

You collected 68 gold pieces.

Inventory:

Hand Weapons
 a - a +0 falchion
Armour
 b - a +2 leather armour (worn)
Scrolls
 d - a scroll of teleportation {unknown}
 e - a scroll of amnesia
 h - a scroll of identify {unknown}
Potions
 c - 2 potions of attraction


   Skills:
 + Level 2.2 Fighting
 - Level 2.6 Long Blades
 - Level 4.5 Dodging
 + Level 1.7 Stealth
 * Level 1.1 Unarmed Combat
 + Level 1.1 Spellcasting


You had 4 spell levels left.
You didn't know any spells.
Your spell library was empty.

Dungeon Overview and Level Annotations

Branches:
Dungeon (2/15)

Altars:


Innate Abilities, Weirdness & Mutations

You have sharp fingernails.
You have a small tail.


Message History

You are too injured to fight recklessly!
You are too injured to fight recklessly!
You are too injured to fight recklessly!
You are too injured to fight recklessly!
You are too injured to fight recklessly!
You are too injured to fight recklessly!
You are too injured to fight recklessly!
You are too injured to fight recklessly!
You are too injured to fight recklessly!
You are too injured to fight recklessly!
You are too injured to fight recklessly!
You are too injured to fight recklessly!
You are too injured to fight recklessly!
You are too injured to fight recklessly!
You are too injured to fight recklessly!
You are too injured to fight recklessly!
You are too injured to fight recklessly!
You barely miss the gnoll.
The gnoll is severely wounded.
The gnoll barely misses you. x2; The endoplasm hits you.
* * * LOW HITPOINT WARNING * * *
It was a potion of brilliance.
You feel clever all of a sudden. The gnoll misses you.
The gnoll closely misses you. The endoplasm barely misses you.
You closely miss the gnoll. You claw the gnoll, but do no damage.
The gnoll is severely wounded.
The gnoll misses you. The gnoll hits you with a +0 flail.
* * * LOW HITPOINT WARNING * * *
The endoplasm barely misses you.
It was a potion of curing.
You feel better. The gnoll closely misses you.
The gnoll hits you with a +0 flail.
* * * LOW HITPOINT WARNING * * *
The endoplasm hits you.
* * * LOW HITPOINT WARNING * * *
You closely miss the gnoll.
You tail-slap the gnoll, but do no damage.
The gnoll is severely wounded.
The gnoll closely misses you. The gnoll hits you with a +0 flail.
You die...

## ##. .. .#
#######.#
#.....<.######
...####@.......
......Jg.g..###
######......#
##.....#
#.....# #.....#
#######


You could see 2 gnolls and an endoplasm.

Vanquished Creatures
  A gnoll (D:2)
  2 dart slugs (D:1)
  5 endoplasms (D:1)
  2 giant cockroaches (D:1)
  3 hobgoblins (D:1)
  3 jackals (D:1)
  A quokka (D:1)
  3 ball pythons
  8 bats (D:1)
  3 frilled lizards (D:1)
  A kobold (D:1)
  2 rats (D:1)
34 creatures vanquished.

Notes
Turn   | Place    | Note
-------+----------+-------------------------------------------
     0 | D:1      | Hubjo the Demonspawn Wanderer began the quest for the Orb.
     0 | D:1      | Hubjo set off with the following items: a +0 falchion, a +2
                  | leather armour, 2 potions of attraction.
     0 | D:1      | Reached XP level 1. HP: 15/15 MP: 1/1
   137 | D:1      | Discovered your monstrous ancestry.
   137 | D:1      | Gained mutation: You have a small tail. [demonic ancestry]
   137 | D:1      | Reached XP level 2. HP: 20/21 MP: 2/2
   731 | D:1      | Gained mutation: You have sharp fingernails. [demonic
                  | ancestry]
   731 | D:1      | Reached XP level 3. HP: 25/27 MP: 4/4
   781 | D:1      | Reached skill level 1 in Spellcasting
  1137 | D:2      | Reached skill level 1 in Unarmed Combat
  1146 | D:2      | HP: 1/27 [gnoll/+0 flail (5)]
  1148 | D:2      | Slain by a gnoll

Illustrated notes

Levels and vault maps discovered:
D:1:      psy_arrival_wood_between_worlds, layout_basic
D:2:      layout_rooms, grunt_decor_cap, minmay_cupped

Skill      XL: |  1  2  3 |
---------------+----------+-----
Fighting       | 2 |  2.2
Spellcasting   | 1 |  1.1
Unarmed Combat | 1 |  1.1
Long Blades    | |  2.6
Dodging        | |  4.5
Stealth        | |  1.7

Action                   || total
-------------------------++-------
Melee: Unarmed           ||   166
       Tailslap          ||    19
       Punch             ||     3
  Use: Potion            ||     2
       Scroll            ||     1
 Stab: Sleeping          ||     2
Armor: Leather armour    ||    74
Dodge: Dodged            ||   163

Table legend: (Time is in decaauts)
 A = Elapsed time spent in this place.
 B = Non-inter-level travel time spent in this place.
 C = Inter-level travel time spent in this place.
 D = Time resting spent in this place.
 E = Time spent auto-exploring this place.
 F = Levels seen in this place.
 G = Mean time per level.
                   A        B        C        D        E       F      G
               +--------+--------+--------+--------+--------+-----+--------+
         Total |   1146 |   1042 |    104 |      0 |    759 |   2 |  573.0 |
       Dungeon |   1146 |   1042 |    104 |      0 |    759 |   2 |  573.0 |
               +--------+--------+--------+--------+--------+-----+--------+

Top non-repeatable levels by time:
     D:1: 1132 daAuts
     D:2: 13 daAuts
